[Event "Fast Chess"]
[Site "ChessKid.com"]
[Date "2020.03.22"]
[Round "1"]
[White "Gross, Lukas"]
[Black "Rosenkranz, Benjamin"]
[Result "0-1"]
[ECO "A00"]
[WhiteElo "682"]
[BlackElo "1104"]
[PlyCount "72"]
[EventDate "2020.??.??"]
[TimeControl "600"]
[WhiteClock "0:04:20"]
[BlackClock "0:05:29"]

1. g3 e5 2. Bg2 Nc6 3. Nh3 Nf6 4. O-O Bd6 5. Nc3 O-O 6.
Nb1 $2 Bc5 7. e3 d6 8. f4 exf4 9. gxf4 Bd7 10. d4 Bb6 11.
c4 Qc8 12. c5 dxc5 13. dxc5 Bxc5 14. a3 $4 Bxh3 15. Bxh3 Qxh3 16.
Qf3 Qxf3 17. Rxf3 Rad8 18. Kh1 Rd1+ 19. Kg2 Rxc1 20. Rf1 Rc2+ 21. Kg1 Bxe3+ 22. Kh1 Rxb2 23. Rf3 Bc5 24. Nc3 Bxa3 $2 25. Rxa3 Nd4 26. Rd3 Ne2 27. Nd1 Rb1 28. Kg2 Nxf4+ 29. Kh1 Nxd3 30. Rxd3 Ne4 31. Kg2 g6 32. Nc3 Nxc3 33. Rxc3 Re8 34. Rxc7 Re3 35. Rd7 Rb2+ 36. Kg1 Re1# {[%emt 0:00:04] FineBeamingStage
won by checkmate} 0-1

[Event "Fast Chess"]
[Site "ChessKid.com"]
[Date "2020.03.22"]
[Round "1"]
[White "Zerza, Michael"]
[Black "Zerza, Paul"]
[Result "0-1"]
[ECO "D00"]
[WhiteElo "886"]
[BlackElo "744"]
[PlyCount "38"]
[EventDate "2020.??.??"]
[TimeControl "600"]
[WhiteClock "0:07:51"]
[BlackClock "0:07:21"]

1. d4 d5 2. Bg5 f6 3. Bf4 e6 4. e3 Bb4+ 5. c3 Bd6 6. Bb5+ Kf7 7. Bxd6 cxd6 8.
f4 e5 9. dxe5 dxe5 10. fxe5 a6 11. Bd3 Ke8 12. exf6 Qxf6 13. c4 dxc4 14. Bxc4 Qxb2 15. Nd2 b5 16. Bb3 a5 17. Rb1 Qf6 18. Ne4 Qf4 19. exf4 Nf6 {[%emt 0:00:
24] MeekRoseOyster won - game abandoned} 0-1

[Event "Fast Chess"]
[Site "ChessKid.com"]
[Date "2020.03.22"]
[Round "2"]
[White "Zerza, Paul"]
[Black "Burgsteiner, Konstantin"]
[Result "0-1"]
[ECO "C00"]
[WhiteElo "728"]
[BlackElo "1172"]
[PlyCount "62"]
[EventDate "2020.??.??"]
[TimeControl "600"]
[WhiteClock "0:04:29"]
[BlackClock "0:06:31"]

1. e4 e6 2. Bb5 Bc5 3. d3 Qf6 4. Nf3 c6 5. O-O cxb5 6. Nc3 b4 7. Nb5 Nc6 8. Nh4 Qxh4 9. Be3 d6 10. Bxc5 dxc5 11. Nd6+ Kd7 12. Nxf7 Nh6 13. Nxh8 Kd8 14. g3 Qh3 15. Ng6 Bd7 16. Nf8 Kc7 17. Nxd7 Kxd7 18. f4 Rf8 19. e5 Nd4 20. c3 Ndf5 21. cxb4 cxb4 22. a3 Ne3 23. Qd2 Nxf1 24. Rxf1 Ng4 25. axb4 b6 26. Qe2 a5 27. bxa5 bxa5 28. b4 axb4 29. d4 b3 30. Qb2 Rf5 31. Qxb3 Qxh2# {[%emt 0:00:03] MintTerrificRanch won by checkmate} 0-1

[Event "Fast Chess"]
[Site "ChessKid.com"]
[Date "2020.03.22"]
[Round "3"]
[White "Burgsteiner, Konstantin"]
[Black "Rosenkranz, Benjamin"]
[Result "0-1"]
[ECO "A00"]
[WhiteElo "1128"]
[BlackElo "1128"]
[Annotator "Eröffnungsfehler, Verwertung von Vorteilen"]
[PlyCount "82"]
[EventDate "2020.??.??"]
[TimeControl "600"]
[WhiteClock "0:01:45"]
[BlackClock "0:04:23"]

1. e3 e5 2. Qf3 Nf6 3. g3 Bd6 4. Bh3 O-O 5. Ne2 Nc6 6. O-O Bc5 7. Na3 d6 8. c3 Bxh3 9. Re1 Bxa3 10. bxa3 Bg4 11. Qg2 Qc8 12. a4 Bf5 13. Ba3 Be4 14. f3 Bd5 15. e4 Be6 16. Rab1 Bh3 17. Qf2 Be6 18. Ra1 Nh5 19. f4 exf4 20. gxf4 Bh3 21. e5 dxe5 22. Bxf8 Qxf8 23. fxe5 Nxe5 $4 24. Qe3 $1 c6 25. Qxh3 g6 26.
Rf1 Re8 27. Qd7 $4 Nxd7 28. Nd4 Qc5 29. Rab1 Qg5+ 30. Kf2 Qxd2+ 31. Kf3 Qb2 32. Rxb2 c5 33. Nc2 b6 34. Rd1 Ne5+ 35. Ke4 Ng4+ 36. Kf3 Nxh2+ 37. Kg2 Re2+ 38. Kh3 Nf4+ 39. Kg3 g5 40. Rd8+ Kg7 41. a5 Rg2# {[%emt 0:00:17] FineBeamingStage won by
checkmate} 0-1

[Event "Fast Chess"]
[Site "ChessKid.com"]
[Date "2020.03.22"]
[Round "3"]
[White "Varahram, Kian"]
[Black "Zerza, Michael"]
[Result "0-1"]
[ECO "B11"]
[WhiteElo "754"]
[BlackElo "901"]
[PlyCount "100"]
[EventDate "2020.??.??"]
[TimeControl "600"]
[WhiteClock "0:00:21"]
[BlackClock "0:00:17"]

1. e4 c6 2. Qf3 e6 3. Nc3 d5 4. exd5 cxd5 5. Bb5+ Bd7 6. a4 a6 7. Bd3 Bd6 8. b4 Ne7 9. b5 axb5 10. Nxb5 Bxb5 11. Bxb5+ Nbc6 12. Nh3 O-O 13. O-O Nd4 14. Qc3 Nxb5 15. Qb3 Nd4 16. Qxb7 Nxc2 17. Ra2 Nd4 18. Bb2 Ndf5 19. Ng5 f6 20. Nf3 Qb8 21. Qb5 Qxb5 22. axb5 Rxa2 23. Bc1 Rb8 24. d4 Rxb5 25. g4 Nh6 26. Nh4 Nf7 27. f3 Bxh2+ 28. Kh1 Bg3 29. Rg1 Bxh4 30. Rg2 Rxg2 31. Kxg2 Rb1 32. Bf4 g5 33. Bd6 Nc8 34. Bc5 Nd8 35. Kh3 Nb7 36. Ba3 Rd1 37. Bb4 Nb6 38. Ba3 Nc4 39. Bb2 Nxb2 40. f4 Rxd4 41. f5 exf5 42. gxf5 Nc5 43. Kh2 Ncd3 44. Kh1 Nc4 45. Kh2 Ne3 46. Kh1 Nf4 47. Kh2 Ng4+ 48. Kh1 Rd2 49. Kg1 Bf2+ 50. Kf1 Ne3# {[%emt 0:00:03]
OpenWorkingLeopard won by checkmate} 0-1

[Event "Fast Chess"]
[Site "ChessKid.com"]
[Date "2020.03.22"]
[Round "3"]
[White "Gross, Lukas"]
[Black "Zerza, Julia"]
[Result "1-0"]
[ECO "A00"]
[WhiteElo "713"]
[BlackElo "748"]
[PlyCount "95"]
[EventDate "2020.??.??"]
[TimeControl "600"]
[BlackClock "0:03:06"]

1. g3 d5 2. f3 c6 3. e4 Qd6 4. Be2 e6 5. exd5 Qxd5 6. b3 Bd7 7. Bc4 Qd6 8.
Ne2 Na6 9. O-O Nb4 10. c3 Nd5 11. d4 e5 12. dxe5 Qxe5 13. Bf4 Qe6 14. Nd4 Qh3 15. Kh1 Nxf4 16. gxf4 Be6 17. Bxe6 fxe6 18. Nxe6 Qxe6 19. Qe1 Rd8 20. Qxe6+ Be7 21. Qe5 Nf6 22. Na3 Rf8 23. Rfd1 g6 24. h4 Kf7 25. Nc4 Rxd1+ 26. Rxd1 Nd5 27. f5 Bxh4 28. Qd6 Be7 29. Qe5 Bf6 30. Qe1 Bxc3 31. Qg1 gxf5 32. Kh2 Re8 33. Kh1 b5 34. Na3 b4 35. Nb1 a5 36. Qh2 Rh8 37. Qg1 h5 38. Qa7+ Ne7 39. Qxa5 h4 40.
f4 Nd5 41. Qb5 Nxf4 42. Qxc6 Ne6 43. Nxc3 bxc3 44. Qxc3 Rd8 45. Rxd8 Nxd8 46. Qc7+ Ke8 47. Qe5+ Kf8 48.
Qf6+ {[%emt 0:00:04] RosyPopularArm won on time} 1-0

[Event "Fast Chess"]
[Site "ChessKid.com"]
[Date "2020.03.23"]
[Round "1"]
[White "Zerza, Julia"]
[Black "Horky, Florian"]
[Result "1-0"]
[ECO "A40"]
[WhiteElo "811"]
[BlackElo "890"]
[Annotator "Eröffnung, Mattdrohungen"]
[PlyCount "41"]
[EventDate "2020.??.??"]
[TimeControl "600"]
[WhiteClock "0:07:29"]
[BlackClock "0:06:12"]

1. d4 e6 2. Nf3 Qf6 $2 3. Bg5 Qg6 4. e3 Be7 5. Bxe7 Nxe7 6. Ne5
{[%emt 0:00:05] besser Ld3! Das bringt eine neue Figur ins Spiel und greift
auch die Dame an.} Qe4 7. Qd3 Qd5 8. e4 Qa5+ 9. Qd2 Qa4 $2 {[%emt 0:00:14] Die Dame zieht ständig und keine neue Figur kommt ins
Spiel. Daher war ...Sbc6 vorzuziehen: Die Dame ist gedeckt und eine neue Figur
ist im Spiel.} 10. Nc3 Qa5 11. Bd3 Ng6 12. Nxg6 fxg6 $2 {[%emt 0:00:05]
Offenbar hat Schwarz gar nicht die Absicht zu rochieren. Daher war ...hxg6
vorzuziehen: Das öffnet dem Turm auf h8 gleich eine Linie. Evtl kann Schwarz
ja später noch groß rochieren.} 13. O-O O-O 14. e5 Nc6 15. h4 Nxd4 16. h5 gxh5 17. Qg5 b5 18. Qxh5 c5 19.
Bxh7+ Kh8 20. Bg6+ Kg8 21. Qh7# {[%emt 0:00:02] OpalLoudDish won by checkmate} 1-0

[Event "Fast Chess"]
[Site "ChessKid.com"]
[Date "2020.03.23"]
[Round "1"]
[White "Zerza, Michael"]
[Black "Zerza, Paul"]
[Result "1/2-1/2"]
[ECO "D00"]
[WhiteElo "882"]
[BlackElo "720"]
[PlyCount "94"]
[EventDate "2020.??.??"]
[TimeControl "600"]
[WhiteClock "0:05:34"]
[BlackClock "0:04:23"]

1. d4 d5 2. Bg5 Bg4 3. f3 Nf6 4. fxg4 e6 5. Bxf6 gxf6 6.
e3 Bb4+ 7. c3 Bd6 8. b3 Ba3 9. c4 dxc4 10. bxc4 Bb2 11. Nc3 Bxa1 12. Qxa1 Nc6 13. d5 Nb4 14. dxe6 fxe6 15. c5 b6 16. c6 Qd6 17. Nb5 Qxc6 18. Nd4 Qd6 19. Nb5 Qc6 20. Nd4 Qc2 21. Nxc2 Nxc2+ 22. Kd1 Nxa1 23. Kc1 Nc2 24. Kxc2 c5 25. h3 a5 26. g3 b5 27. h4 b4 28. g5 c4 29. Bxc4 Ke7 30. gxf6+ Kxf6 31. g4 Ke5 32. h5 Ke4 33. Kd2 a4 34. g5 b3 35. axb3 axb3 36. Bxb3 Rae8 37. g6 hxg6 38. hxg6 Rxh1 39. Ne2 Rhh8 40. g7 Ref8 41. gxf8=Q Rxf8 42. Bc2+ Kf3 43. Ng1+ Kg2 44. Ne2 Rd8+ 45. Ke1 Rc8 46. Nd4 e5 47. Ne2 Rxc2 {[%emt 0:00:
43] Game drawn by agreement} 1/2-1/2

[Event "Fast Chess"]
[Site "ChessKid.com"]
[Date "2020.03.23"]
[Round "2"]
[White "Zerza, Julia"]
[Black "Zerza, Michael"]
[Result "0-1"]
[ECO "D00"]
[WhiteElo "782"]
[BlackElo "914"]
[PlyCount "52"]
[EventDate "2020.??.??"]
[TimeControl "600"]
[WhiteClock "0:06:10"]
[BlackClock "0:05:59"]

1. d4 d5 2. e3 Bg4 3. Be2 Bf5 4. Nf3 e6 5. O-O Bb4 6. Re1 Bxe1 7. Nxe1 Nf6 8.
Nd3 Ne4 9. f3 Nc3 10. Bd2 Nxd1 11. Bxd1 Bxd3 12. cxd3 Nc6 13. e4 f5 14. exd5 exd5 15. Ba4 b5 16. Bb3 Nxd4 17. Nc3 O-O 18. Nxd5 c6 19. Nf4+ Kh8 20. Bc3 Ne6 21. Nxe6 Qe8 22. Nxf8 Qxf8 23. Re1 Re8 24. Rxe8 Qxe8 25. Bd4 a6 26. a4 Qe1# {[%emt 0:00:03] OpenWorkingLeopard won by checkmate} 0-1

[Event "Fast Chess"]
[Site "ChessKid.com"]
[Date "2020.03.22"]
[Round "3"]
[White "Zerza, Paul"]
[Black "Stiedl, Dominik"]
[Result "0-1"]
[ECO "B07"]
[WhiteElo "684"]
[BlackElo "926"]
[PlyCount "80"]
[EventDate "2020.??.??"]
[TimeControl "600"]
[WhiteClock "0:01:43"]
[BlackClock "0:04:54"]

1. e4 d6 2. Bc4 e6 3. Nf3 d5 4. exd5 exd5 5. Bd3 Qe7+ 6. Kf1 Bg4 7. Nc3 d4 8. Nd5 Qd6 9. Nxc7+ Qxc7 10. h3 Bxf3 11. Qxf3 a5 12. Qe2+ Qe7 13. Qxe7+ Bxe7 14. g4 h6 15. Kg2 Nf6 16. Re1 Nc6 17. a3 O-O 18. Be4 Nxe4 19. Rxe4 a4 20. Re3 dxe3 21. fxe3 Ra5 22. e4 Re5 23. Kf3 Rd8 24. Kf4 g5+ 25. Kg3 Rxe4 26. Kf3 Re1 27. Kf2 Re4 28. Kf3 Rf4+ 29. Kg3 Rd6 30. h4 Re6 31. hxg5 Bxg5 32. Kh3 Rf3+ 33. Kg2 Ref6 34. c3 Rf2+ 35. Kg1 R6f3 36. d4 Rg3+ 37. Kh1 Rh3+ 38. Kg1 Rhh2 39. Bd2 Bxd2 40. Rf1 Rfg2# {[%emt 0:00:13]
MadCuteMatter won by checkmate} 0-1

[Event "Fast Chess"]
[Site "ChessKid.com"]
[Date "2020.03.23"]
[Round "2"]
[White "Horky, Florian"]
[Black "Zerza, Paul"]
[Result "0-1"]
[ECO "B01"]
[WhiteElo "802"]
[BlackElo "801"]
[Annotator "Auf Figuren aufpassen"]
[PlyCount "102"]
[EventDate "2020.??.??"]
[TimeControl "600"]
[WhiteClock "0:02:20"]
[BlackClock "0:00:02"]

1. e4 d5 2. e5 e6 3. b3 Nc6 4. Bb2 Bd7 5. Qe2 Qb8 6. Ba3 Qd8 7. Bxf8 Qb8 8.
Ba3 Nd4 9. Qd3 Nf5 10. Nc3 d4 11. Ne4 Ngh6 12. Be2 Bc6 13. Bh5 Bxe4 14. Qxe4 g6 15. Bg4 Qd8 16. O-O-O f6 17. c3 d3 18. Nf3 Kf7 19. Nd4 Re8 20. Nxf5 gxf5 21. Qf4 Nxg4 22. f3 Nf2 23. Rhf1 Nxd1 24. Kxd1 fxe5 25. Qxe5 Qd6 $4 26. f4 $4 Qd8 27. c4 b6 28.
Kc1 c5 29. Rf3 Qd7 30. Rh3 Rh8 31. b4 Rac8 32. bxc5 bxc5 33. Bxc5 Qc7 34. Bd4 Qd8 35. Bxa7 Rxc4+ 36. Kb1 Qc8 37. Kb2 Rc2+ 38. Kb3 Qb7+ 39. Ka3 Qxa7+ 40. Kb3 Qxa2+ 41. Kb4 Qc4+ 42. Ka5 Ra2+ 43. Kb6 Ra7 44. Kxa7 Qa4+ 45. Kb7 Qa8+ 46. Kb6 Rb8+ 47. Kc7 Qb7+ 48. Kd6 Rd8+ 49. Kc5 Qc8+ 50. Kb4 Qb7+ 51. Kc5 Qc7+ {[%emt 0:00:03] MeekRoseOyster won on time} 0-1

[Event "Fast Chess"]
[Site "ChessKid.com"]
[Date "2020.03.23"]
[Round "3"]
[White "Zerza, Michael"]
[Black "Horky, Florian"]
[Result "1-0"]
[ECO "D00"]
[WhiteElo "939"]
[BlackElo "763"]
[PlyCount "65"]
[EventDate "2020.??.??"]
[TimeControl "600"]
[WhiteClock "0:04:40"]
[BlackClock "0:04:54"]

1. d4 d5 2. Bg5 Be6 3. e3 b6 4. Bb5+ c6 5. Bxc6+ Nxc6 6. Nc3 Qd6 7. Bf4 Qb4 8. Qc1 Nh6 9. Bxh6 gxh6 10. Nge2 Bg7 11. O-O O-O-O 12. a3 Qa5 13. b4 Qa6 14. a4 Bf6 15. b5 Qa5 16. bxc6 Rhg8 17. h3 Rg7 18.
Nb5 Rdg8 19. Ng3 Bg4 20. hxg4 Bh4 21. Nf5 f6 22. Nxh4 e5 23. dxe5 fxe5 24. c4 dxc4 25. Qxc4 Rxg4 26. Qe6+ Kb8 27. Qxe5+ Kc8 28. Nd6+ Kc7 29. Qe7+ Kxc6 30. Rfc1+ Kd5 31.
Rd1+ Kc6 32. Rac1+ Qc5 33. Qb7# {[%emt 0:00:11] OpenWorkingLeopard won by checkmate}
1-0

[Event "Fast Chess"]
[Site "ChessKid.com"]
[Date "2020.03.26"]
[Round "1"]
[White "Varahram, Armin"]
[Black "Gross, Lukas"]
[Result "0-1"]
[ECO "B06"]
[WhiteElo "712"]
[BlackElo "1023"]
[PlyCount "62"]
[EventDate "2020.??.??"]
[TimeControl "600"]
[WhiteClock "0:05:26"]
[BlackClock "0:04:35"]

1. e4 g6 2. Bb5 c6 3. Bd3 Bg7 4. c4 Nh6 5. Nh3 O-O 6. O-O e6 7. Qa4 a6 8. Nc3 b5 9. cxb5 cxb5 10. Nxb5 Nc6 11. Nf4 Bb7 12. Nxe6 dxe6 13. Qd4 Bxd4 14. Nxd4 Nxd4 15. Re1 Nc2 16. Bxc2 Rc8 17. Ba4 Rc4 18. b3 Rc8 19. d4 Bc6 20. Bf4 Bxa4 21. bxa4 Rc4 22. Rac1 Rxd4 23. a3 Rxa4 24. Ra1 Qd4 25. Bxh6 Rc8 26. Red1 Qc4 27. Rdc1 Qxc1+ 28. Bxc1 Rac4 29. Bh6 f6 30. Rc1 Rxc1+ 31. Bxc1 Rxc1# {[%emt 0:00:04] RosyPopularArm won by checkmate} 0-1

[Event "Fast Chess"]
[Site "ChessKid.com"]
[Date "2020.03.26"]
[Round "2"]
[White "Gross, Lukas"]
[Black "Zerza, Michael"]
[Result "1-0"]
[ECO "A05"]
[WhiteElo "1029"]
[BlackElo "876"]
[PlyCount "81"]
[EventDate "2020.??.??"]
[TimeControl "600"]
[WhiteClock "0:04:04"]
[BlackClock "0:04:19"]

1. g3 e5 2. Bg2 d6 3. Nf3 Nf6 4. O-O Bd7 5. b3 Nc6 6. Bb2 Be7 7. Na3 O-O 8. d4 exd4 9. Nxd4 Nxd4 10. Bxd4 c6 11. h3 d5 12. Nb1 Re8 13.
b4 Bxb4 14. c3 Bd6 15. f4 Ne4 16. Rf3 Qc8 17. Nd2 Nxd2 18. Qxd2 Bxh3 19. Bxh3 Qxh3 20. e3 b6 21. Qg2 c5 22. Qxh3 cxd4 23. exd4 Ba3 24. Qd7 Bb2 25. Rb1 Bxc3 26. Rxc3 b5 27. Rbc1 b4 28. Rc8 Raxc8 29. Rxc8 g6 30. Rxe8+ Kg7 31. Qxd5 a5 32. Qxa5 b3 33. axb3 h5 34. b4 f6 35. b5 g5 36. b6 Kf7 37. Ra8 Ke7 38. b7 Kd7 39. b8=Q h4 40.
Qa6 Ke7 41. Qbb7# {[%emt 0:00:02]
RosyPopularArm won by checkmate} 1-0

[Event "Fast Chess"]
[Site "ChessKid.com"]
[Date "2020.03.26"]
[Round "3"]
[White "Hlinka, Patricia"]
[Black "Gross, Lukas"]
[Result "0-1"]
[ECO "B06"]
[WhiteElo "985"]
[BlackElo "1037"]
[PlyCount "88"]
[EventDate "2020.??.??"]
[TimeControl "600"]
[WhiteClock "0:03:12"]
[BlackClock "0:00:33"]

1. d4 g6 2. e4 Bg7 3. d5 Nf6 4. a4 Nxe4 5. f3 Nf6 6. f4 O-O 7. f5 gxf5 8. a5 c6 9. dxc6 bxc6 10. a6 Nxa6 11. b3 Nb4 12. c3 Nbd5 13. c4 Nc7 14. b4 Na6 15.
b5 Nb8 16. bxc6 dxc6 17. Be2 f4 18. Qxd8 Rxd8 19. Ra5 Bh6 20.
Bd3 a6 21. Nf3 Rxd3 22. Ng1 Rb3 23. Na3 Nbd7 24. Bd2 c5 25.
h4 Rab8 26. Ne2 e5 27. Bc3 Nb6 28. Kd2 Bg4 29. Rb1 Rxb1 30. Nxb1 Nxc4+ 31. Kd3 Nxa5 32. Nd2 Bxe2+ 33. Kxe2 Nb3 34. Nxb3 Rxb3 35.
Bxe5 Re3+ 36. Kf2 Rxe5 37. g3 fxg3+ 38. Kxg3 Nh5+ 39. Kg4 Nf6+ 40. Kf3 c4 41. Kg3 c3 42. h5 Nxh5+ 43. Kg4 Nf6+ 44. Kf3 c2 {[%emt 0:00:
02] RosyPopularArm won on time} 0-1

[Event "Fast Chess"]
[Site "ChessKid.com"]
[Date "2020.03.26"]
[Round "3"]
[White "Zerza, Michael"]
[Black "Varahram, Armin"]
[Result "1/2-1/2"]
[ECO "D00"]
[WhiteElo "869"]
[BlackElo "773"]
[PlyCount "109"]
[EventDate "2020.??.??"]
[TimeControl "600"]
[WhiteClock "0:00:05"]
[BlackClock "0:02:53"]

1. d4 d5 2. Bg5 Nc6 3. Nc3 Bg4 4. f3 Qd6 5. fxg4 Qg6 6. h4 h6 7. Nh3 f5 8. gxf5 Qxf5 9. e3 hxg5 10. hxg5 Nf6 11. Nf4 Qxg5 12. Qd3 e5 13. dxe5 Qxe5 14. Ng6 Qg5 15. Nxh8 O-O-O 16. Ng6 Ne7 17. Nf4 Qxf4 18. exf4 Rd6 19. f5 g6 20. fxg6 b6 21. Qf5+ Nxf5 22. Rh8 Rd8 23. Rxf8 Rxf8 24. g7 Nxg7 25. Nb5 Kb7 26. Nd4 Ng4 27. Be2 Nh2 28. g4 Rf4 29. g5 c5 30. Ne6 Nxe6 31. g6 Rh4 32. Bd3 Rg4 33.
Bf5 Nf4 34. Bxg4 Nxg4 35. g7 Nh6 36. Rd1 Ne6 37. g8=Q Nxg8 38. Rxd5 Kc6 39. Rd8 Nxd8 40. c3 Ne6 41. a4 Nf4 42. b4 cxb4 43.
cxb4 Nd5 44. b5+ Kb7 45. Kd2 Nge7 46. Kd3 Nc6 47. bxc6+ Kxc6 48. Kc4 b5+ 49. axb5+ Kb6 50. Kxd5 Kxb5 51. Kd4 a6 52. Kc3 a5 53. Kb2 a4 54. Ka3 Kc4 55. Kxa4 {[%emt 0:00:03] Game drawn - insufficient material}
1/2-1/2

[Event "Fast Chess"]
[Site "ChessKid.com"]
[Date "2020.03.30"]
[Round "1"]
[White "Hlinka, Patricia"]
[Black "Burgsteiner, Konstantin"]
[Result "1-0"]
[ECO "C00"]
[WhiteElo "1069"]
[BlackElo "1138"]
[PlyCount "109"]
[EventDate "2020.??.??"]
[TimeControl "600"]
[WhiteClock "0:04:14"]
[BlackClock "0:05:07"]

1. e4 e6 2. Nf3 b6 3. g4 Ba6 4. Bxa6 Nxa6 5. Qe2 Qf6 6. Qxa6 Bc5 7. Qb7 Qxf3 8. Qxa8+ Ke7 9. Rf1 Qg2 10. b4 Bd4 11. c3 Be5 12. a3 Qxh2 13.
Ra2 Bf4 14. Rb2 Nf6 15. d3 Nxg4 16. f3 Qg3+ 17. Kd1 Nh2 18.
Bxf4 Qxf4 19. Qxh8 Nxf1 20. Qxh7 Qxf3+ 21. Re2 Qxd3+ 22. Rd2 Qxb1+ 23. Ke2 Qa1 24. Qh1 Qc1 25. Qxf1 Qxc3 26. Qf3 Qe5 27. Qd3 Qh2+ 28. Ke3 Qh3+ 29. Kd4 Qh8 30. Ke3 g6 31. Qxd7+ Kf6 32. Qd4+ Kg5 33. Qxh8 f5 34. exf5 gxf5 35. Qg8+ Kf6 36. a4 a5 37. bxa5 bxa5 38. Qf8+ Ke5 39. Qc5+ Kf6 40. Qxa5 e5 41. Qxc7 f4+ 42. Kf3 Kf5 43. a5 e4+ 44. Kg2 f3+ 45. Kf2 Kg4 46. Qg7+ Kf4 47. Qf7+ Kg4 48. Qxf3+ exf3 49. a6 Kf4 50. a7 Kg4 51. a8=Q Kf4 52. Qxf3+ Kg5 53. Rd1 Kg6 54. Rg1+ Kh6 55. Qh1# {[%emt 0:00:08] NeatBouncyCone won by checkmate}
1-0

[Event "Fast Chess"]
[Site "ChessKid.com"]
[Date "2020.03.30"]
[Round "1"]
[White "Gross, Lukas"]
[Black "Zerza, Julia"]
[Result "1/2-1/2"]
[ECO "A00"]
[WhiteElo "1106"]
[BlackElo "811"]
[PlyCount "91"]
[EventDate "2020.??.??"]
[TimeControl "600"]
[WhiteClock "0:00:45"]
[BlackClock "0:03:37"]

1. g3 d5 2. Bg2 c5 3. Nh3 Bxh3 4. Bxh3 e6 5. O-O Bd6 6. c3 Ne7 7. d4 O-O 8. Be3 c4 9. b4 a5 10. bxa5 Qxa5 11. a4 Nbc6 12. Bf4 Bxf4 13. gxf4 Qc7 14. e3 b5 15. Na3 bxa4 16. Nb5 Qb6 17. Na3 Na5 18. Rb1 Qxb1 19. Qxb1 Nb3 20. Bg2 Nd2 21. Qd1 Nxf1 22. Qxf1 Rfb8 23. e4 Rb3 24. Nc2 Rxc3 25. Na1 a3 26. Qe1 a2 27. Qxc3 dxe4 28. Bxe4 Rd8 29. Qxc4 f5 30. Bb7 Rd6 31. Qxa2 Rxd4 32. Qb2 Rxf4 33. Qc1 Rb4 34. Bg2 e5 35. Nc2 Rc4 36. Bf1 Rc5 37. Qb2 e4 38. Qb4 Rc7 39. Qa5 Rxc2 40. Qd8+ Kf7 41. Qd1 Rc5 42. Qd4 Rc1 43. Qd2 Rc5 44. Qd4 Rc1 45. Qd2 Rc5 46. Qd4 {
[%emt 0:00:04] Game drawn by repetition} 1/2-1/2

[Event "Fast Chess"]
[Site "ChessKid.com"]
[Date "2020.03.30"]
[Round "2"]
[White "Hlinka, Patricia"]
[Black "Gross, Lukas"]
[Result "1-0"]
[ECO "B06"]
[WhiteElo "1078"]
[BlackElo "1098"]
[PlyCount "39"]
[EventDate "2020.??.??"]
[TimeControl "600"]
[WhiteClock "0:05:31"]
[BlackClock "0:08:08"]

1. e4 g6 2. Bc4 Bg7 3. d3 Nf6 4. Bg5 O-O 5. Bxf6 exf6 6. f4 b6 7. f5 gxf5 8. exf5 Qe8+ 9. Qe2 Qd8 10. Qf3 Re8+ 11. Ne2 Nc6 12. O-O a6 13. Qd5 Rf8 14. Nf4 Bh6 15. Ng6 hxg6 16. fxg6 Kg7 17. gxf7 Rxf7 18. Qxf7+ Kh8 19. Rxf6 Ne5 20. Rxh6# {[%emt 0:00:05] NeatBouncyCone won by
checkmate} 1-0

[Event "Fast Chess"]
[Site "ChessKid.com"]
[Date "2020.03.30"]
[Round "2"]
[White "Burgsteiner, Konstantin"]
[Black "Zerza, Julia"]
[Result "0-1"]
[ECO "A00"]
[WhiteElo "1105"]
[BlackElo "870"]
[Annotator "Auf Figuren aufpassen"]
[PlyCount "66"]
[EventDate "2020.??.??"]
[TimeControl "600"]
[WhiteClock "0:06:02"]
[BlackClock "0:06:37"]

1. e3 d5 2. Bc4 $4 dxc4 3. d3 c3 4. bxc3 Bf5 5. e4 Bg6 6. Nh3 e6 7. O-O Bd6 8. Ba3 c6 9. Bxd6 Ne7 10. Bc5 b6 11. Bd4 O-O 12. Na3 c5 13.
Nb5 cxd4 14. cxd4 a6 15. Nc3 b5 16. Nxb5 axb5 17. Rb1 Qa5 18.
Qc1 Nbc6 19. c3 b4 20. cxb4 Nxb4 21. a3 Nxd3 22. Qc2 Bxe4 23. Rfe1 Nxe1 24. Rxe1 Bxc2 25. g3 Bf5 26. Rc1 Qxa3 27. Re1 Bd3 28. Re3 Rfd8 29. Nf4 Rxd4 30. Kg2 Rxf4 31. gxf4 Nf5 32. Rf3 Be4 33. Kh3 Qxf3# {[%emt 0:00:16] OpalLoudDish won by checkmate} 0-1

[Event "Fast Chess"]
[Site "ChessKid.com"]
[Date "2020.03.30"]
[Round "3"]
[White "Zerza, Julia"]
[Black "Hlinka, Patricia"]
[Result "0-1"]
[ECO "C23"]
[WhiteElo "856"]
[BlackElo "1082"]
[PlyCount "42"]
[EventDate "2020.??.??"]
[TimeControl "600"]
[WhiteClock "0:04:56"]
[BlackClock "0:05:42"]

1. e4 e5 2. Bc4 Bc5 3. Ne2 Qf6 4. O-O Bd6 5. Ng3 Nh6 6. d3 Ng4 7. Nd2 Qh4 8. h3 f6 9. hxg4 Nc6 10. Nf5 Qg5 11. Nf3 Qg6 12. N3h4 Qxg4 13. Qxg4 a6 14. Nxg7+ Kf8 15. Nhf5 b5 16. Bd5 b4 17. Bxc6 dxc6 18.
Nh5 Bxf5 19. Qxf5 Rg8 20. Qxf6+ Ke8 21. Ng7+ Kd7 {[%emt 0:00:04] NeatBouncyCone won - game abandoned} 0-1

[Event "Fast Chess"]
[Site "ChessKid.com"]
[Date "2020.03.30"]
[Round "3"]
[White "Gross, Lukas"]
[Black "Burgsteiner, Konstantin"]
[Result "1-0"]
[ECO "A00"]
[WhiteElo "1107"]
[BlackElo "1085"]
[Annotator "Auf Figuren aufpassen"]
[PlyCount "103"]
[EventDate "2020.??.??"]
[TimeControl "600"]
[WhiteClock "0:04:20"]
[BlackClock "0:04:50"]

1. g3 e6 2. Bg2 d5 3. Nh3 f5 4. O-O g6 5. f3 h5 6. e4 c6 7. exf5 gxf5 8. b3 Bh6 9. c4 Qf6 10. Nc3 Bd7 11. cxd5 exd5 12. Rb1 Na6 13. Na4 O-O-O 14. Bb2 Qe6 15. Bxh8 b5 16. Nb2 Nf6 17. Re1 Rxh8 18. Rxe6 Bxe6 19. Qe1 Re8 20. Qe5 Nd7 21. Qe1 Bf7 22. Qf1 Bxd2 23. Rd1 Be3+ 24. Nf2 d4 25. Kh1 Nb4 26. Ra1 Nc2 27. Rd1 Bg5 28. f4 Ne3 29. Qe2 Nxd1 30.
Qxd1 Bh6 31. Bh3 Bd5+ 32. Kg1 Bf7 33. Bxf5 Bd5 34. Bg6 Bg7 35. Bxe8 Nf6 36. Bg6 Ne4 37. Nxe4 Bxe4 38. Bxe4 d3 39. Nxd3 Bd4+ 40. Nf2 Be3 41. Bxc6 Kc7 42. Bxb5 Kb6 43. Be8 a5 44. Bxh5 a4 45. bxa4 Bc5 46. Qd5 Bxf2+ 47. Kxf2 Kc7 48. Bg4 Kb6 49. Qd6+ Kb7 50. a5 Ka7 51. Qb6+ Ka8 52. Bf3# {[%emt 0:00:02] RosyPopularArm won by checkmate} 1-0

[Event "Fast Chess"]
[Site "ChessKid.com"]
[Date "2020.04.17"]
[Round "1"]
[White "Hlinka, Patrick"]
[Black "Stiedl, Dominik"]
[Result "1-0"]
[ECO "C23"]
[WhiteElo "1152"]
[BlackElo "1049"]
[Annotator "Angriff in der Eröffnung"]
[PlyCount "79"]
[EventDate "2020.??.??"]
[TimeControl "300+50"]
[WhiteClock "0:04:18"]
[BlackClock "0:04:38"]

1. e4 e5 2. Bc4 Bc5 3. Qh5 g6 4. Qf3 Qf6 5. Qxf6 Nxf6 6. d3 Ng4 7. f3 $4 Nh6 $4 8. Bxh6 a6 9. Bg7 Rg8 10. Bxe5 b5 11.
Bd5 d6 12. Bf6 Bd4 13. c3 Bxf6 14. c4 Bxb2 15. Bxa8 Bxa1 16. cxb5 axb5 17. Nh3 Bxh3 18. gxh3 b4 19. a3 bxa3 20. Nxa3 Bb2 21. Nb5 c6 22. Nc7+ Kd7 23. Nd5 cxd5 24. exd5 Na6 25. Bb7 Bc3+ 26. Kd1 Nb8 27. Kc2 Bd4 28. Kb3 Bf2 29. Kc4 Rc8+ 30. Bxc8+ Kxc8 31. Rf1 Bc5 32. Rb1 g5 33. d4 Ba3 34. Ra1 Bb2 35. Ra7 Nd7 36. Kb5 Kb8 37. Rxd7 Kc8 38. Rxf7 Bxd4 39. Kc6 Be5 40. Rf8# {[%emt 0:00:48] GoldMusicalTaxi won by checkmate}
1-0

[Event "Fast Chess"]
[Site "ChessKid.com"]
[Date "2020.04.17"]
[Round "1"]
[White "Hlinka, Patricia"]
[Black "Gross, Lukas"]
[Result "0-1"]
[ECO "A40"]
[WhiteElo "938"]
[BlackElo "1127"]
[Annotator "Goldene Eröffnungsregeln"]
[PlyCount "26"]
[EventDate "2020.??.??"]
[TimeControl "300+50"]
[WhiteClock "0:04:59"]
[BlackClock "0:04:27"]

1. d4 g6 2. d5 Bg7 3. e4 Nh6 4. Nf3 O-O 5. Na3 e6 6. dxe6 fxe6 7. b4 $4 Bxa1 8. h4 d5 9. exd5 exd5 10. b5 Re8+ 11. Kd2 d4 12. Kd3 Bf5+ 13.
Kd2 Bc3# {[%emt 0:00:54] RosyPopularArm won by checkmate} 0-1